 Dungeon Crawl Stone Soup version 0.29.0-13-gc9e81de378 (webtiles) character file.

Game seed: 2898377424000285135

1379 RascalDebosk the Cudgeller (level 8, -5/79 HPs)
             Began as a Troll Berserker on Sept 7, 2022.
             Was an Elder of Trog.
             Slain by an orc warrior
             ... wielding a +0 hand axe
              (11 damage)
             ... on level 6 of the Dungeon.
             The game lasted 00:34:59 (4385 turns).

RascalDebosk the Cudgeller (Troll Berserker)        Turns: 4385, Time: 00:35:00

Health: -5/79      AC:  6    Str: 26    XL:     8   Next: 39%
Magic:  7/7        EV: 10    Int:  5    God:    Trog [****..]
Gold:   169        SH:  5    Dex:  9    Spells: 7/7 levels left

rFire   + . .      SeeInvis .   w - +0 giant club
rCold   + . .      Faith    .   (shield currently unavailable)
rNeg    . . .      Spirit   .   k - +2 robe {rC+ rF+}
rPois   .          Reflect  +   (helmet restricted)
rElec   .          Harm     .   (no cloak)
rCorr   +          Rampage  .   (gloves unavailable)
Will    ++...                   (boots unavailable)
Stlth   +.........              q - amulet of reflection
HPRegen 2.03/turn               j - ring of flight
MPRegen 0.10/turn               b - ring of resist corrosion

@: strong-willed, flying, regenerating
A: large, unfitting armour, claws 3, regeneration 1, shaggy fur 1, tough skin 1
a: Renounce Religion, Berserk, Trog's Hand, Brothers in Arms


You were on level 6 of the Dungeon.
You worshipped Trog.
Trog was greatly pleased with you.
You visited 2 branches of the dungeon, and saw 7 of its levels.

You collected 289 gold pieces.
You spent 120 gold pieces at shops.

Inventory:

Hand Weapons
 l - the +10 mace of Reiqeomi {freeze, Will+}
   (You found it on level 5 of the Dungeon)

   It freezes those it strikes, dealing additional cold damage.
   It can also slow down cold-blooded creatures.
   Will:      It increases your willpower.
 p - the +10 whip of Past Mistakes {protect, *Noise rPois rC+ Str+4}
   (You found it on level 2 of the Dungeon)

   It grants its wielder temporary protection when it strikes (+7 to AC).
   Str:       It affects your strength (+4).
   rC:        It protects you from cold.
   rPois:     It protects you from poison.
   *Noise:    It may make noises in combat.
 w - a +0 giant club (weapon)
Missiles
 i - 2 atropa-tipped darts (quivered)
 v - 2 poisoned darts
Armour
 k - a +2 robe of resistance (worn)
 t - a +2 robe of willpower
Jewellery
 b - a ring of resist corrosion (right claw)
 e - an amulet of the acrobat
 j - a ring of flight (left claw)
 q - an amulet of reflection (around neck)
 s - a +6 ring of strength
 x - a ring of fire
Wands
 h - a wand of roots (12)
Scrolls
 d - 2 scrolls of identify
 g - a scroll of poison
 n - 5 scrolls of teleportation
 o - a scroll of fear
 y - a scroll of blinking {unknown}
Potions
 a - 2 potions of cancellation {unknown}
 c - a potion of mutation {unknown}
 f - 3 potions of magic
 m - 4 potions of curing
 r - a potion of lignification
 u - a potion of degeneration {unknown}


   Skills:
 + Level 4.9 Fighting
 + Level 5.4 Maces & Flails
 + Level 4.4 Throwing
 + Level 4.9 Dodging


You had 7 spell levels left.
You didn't know any spells.
Your spell library was empty.

Dungeon Overview and Level Annotations

Branches:
Dungeon (6/15)             Temple (1/1) D:6

Altars:
Cheibriados
Fedhas
Okawaru
Qazlal
Ru
Wu Jian
Xom
Zin
The Shining One
Lugonu

Shops:
D:1 *   D:3 (


Innate Abilities, Weirdness & Mutations

You are too large for most types of armour.
You have claws for hands.
Your natural rate of healing is unusually fast.
You are covered in fur. (AC +1)
You have tough skin. (AC +1)


Message History

You block the orc warrior's attack.
You barely miss the orc warrior. You block the orc warrior's attack.
The orc warrior barely misses you.
Unknown command.
As you read the scroll of fear, it crumbles to dust.
You assume a fearsome visage.
The orc warrior looks frightened!
The orc looks frightened! x2
You feel yourself speed up.
There are monsters nearby!
You block the orc's attack.
You closely miss the orc. The orc hits you but does no damage.
You barely miss the orc. The orc hits you but does no damage.
The orc closely misses you.
You sock the orc!
You kill the orc!
Trog accepts your kill.
You start resting.
You recover from your berserk rage.
You start resting.
An orc warrior is nearby!
The orc warrior hits you with a +0 hand axe!
You thump the orc warrior!
The orc warrior is heavily wounded.
The orc warrior hits you with a +0 hand axe!
You barely miss the orc warrior.
The orc warrior is heavily wounded.
The orc warrior hits you with a +0 hand axe!!
* * * LOW HITPOINT WARNING * * *
The orc warrior hits you but does no damage.
You barely miss the orc warrior.
The orc warrior is heavily wounded.
You block the orc warrior's attack.
You sock the orc warrior!
The orc warrior is almost dead.
The orc warrior hits you with a +0 hand axe!
* * * LOW HITPOINT WARNING * * *
Your skin crawls.
You feel strong-willed.
The orc warrior hits you with a +0 hand axe!
You die...

##....########.#
#...............
##.##############
#..# # #.## #
##.# # #..# #
#.## # #@#
########## #
#o####........o
#.##8..8..8..8.
#)#.).........o
#.).).)........
###...))......o
##8..8..8[.8o
###.........
##########


You could see an orc warrior.

Vanquished Creatures
  A black bear (D:6)
  An ice beast (D:6)
  An ogre (D:4)
  A phantom (D:6)
  Blork the orc (D:4)
  A bullfrog (D:6)
  2 necrophages
  A scorpion (D:4)
  2 jellies (D:6)
  A hound (D:5)
  A gnoll bouda (D:5)
  2 iguanas
  Jessica (D:2)
  3 orc wizards
  Robin (D:3)
  2 adders
  3 gnolls (D:5)
  A shadow imp (D:6)
  A white imp (D:6)
  2 ufetubi
  2 worms
  4 dart slugs
  14 orcs
  4 ball pythons
  An endoplasm (D:1)
  2 giant cockroaches
  17 goblins
  9 hobgoblins
  3 jackals (D:1)
  3 quokkas
  9 bats
  6 frilled lizards
  7 kobolds
  9 rats
119 creatures vanquished.

Vanquished Creatures (collateral kills)
  2 orc warriors (D:6)
  An orc priest (D:6)
  An orc wizard (D:6)
  10 orcs (D:6)
14 creatures vanquished.

Vanquished Creatures (others)
  A plant (D:6)
1 creature vanquished.

Grand Total: 134 creatures vanquished

Notes
Turn   | Place    | Note
-------+----------+-------------------------------------------
     0 | D:1      | RascalDebosk the Troll Berserker began the quest for the
                  | Orb.
     0 | D:1      | Reached XP level 1. HP: 22/22 MP: 0/0
   108 | D:1      | Reached XP level 2. HP: 28/29 MP: 1/1
   112 | D:1      | Found Cecawi's Assorted Antiques.
   164 | D:1      | Bought a scroll labelled HUSUIL VISSUNK for 20 gold pieces
   286 | D:1      | Reached skill level 3 in Maces & Flails
   286 | D:1      | Reached ** piety under Trog
   622 | D:1      | Reached XP level 3. HP: 36/36 MP: 2/2
   726 | D:2      | Noticed Jessica
   734 | D:2      | Killed Jessica
   735 | D:2      | Reached skill level 1 in Throwing
   870 | D:2      | Reached XP level 4. HP: 45/45 MP: 3/3
  1032 | D:2      | Identified the +10 whip of Past Mistakes {protect, *Noise
                  | rPois rC+ Str+4}
  1213 | D:3      | Noticed Robin
  1227 | D:3      | Reached *** piety under Trog
  1232 | D:3      | Killed Robin
  1254 | D:3      | Reached XP level 5. HP: 53/53 MP: 4/4
  1534 | D:3      | Found Obiolaa's Antique Weapon Boutique.
  1568 | D:3      | Found a stormy altar of Qazlal.
  2136 | D:4      | Reached XP level 6. HP: 58/61 MP: 5/5
  2248 | D:4      | Noticed Blork the orc
  2254 | D:4      | Killed Blork the orc
  2255 | D:4      | Reached skill level 4 in Maces & Flails
  2644 | D:5      | Entered Level 5 of the Dungeon
  2677 | D:5      | Reached XP level 7. HP: 57/68 MP: 6/6
  2971 | D:5      | Identified the +10 mace of Reiqeomi {freeze, Will+}
  3422 | D:1      | Bought a glowing silver ring for 100 gold pieces
  3779 | D:6      | Found a blossoming altar of Fedhas.
  3812 | D:6      | Reached **** piety under Trog
  3846 | D:6      | Found a staircase to the Ecumenical Temple.
  3858 | Temple   | Entered the Ecumenical Temple
  4068 | D:6      | Reached skill level 5 in Maces & Flails
  4069 | D:6      | Reached XP level 8. HP: 61/79 MP: 7/7
  4263 | D:6      | Found a runed translucent door.
  4385 | D:6      | Slain by an orc warrior

Illustrated notes

Levels and vault maps discovered:
D:1:      minmay_arrival_floating_metal, layout_basic, serial_shops,
          nicolae_shop_temple_entry_statues_fountains
D:2:      layout_rooms, minmay_tetromino_s2, uniq_jessica
D:3:      layout_basic, mainiacjoe_overflow_boulevard, serial_shops, shop,
          hangedman_abyss_or_decor_lesser_grid, minmay_statues_item, uniq_robin
D:4:      layout_basic, uniq_blork_the_orc
D:5:      layout_loops_corners
D:6:      corexii_shantytown, layout_basic, overflow_temple_1_default,
          minmay_temple_entry_mist, lightli_church_of_beogh, uniq_pikel,
          uniq_eustachio
Temple:   corrupted_temple

Skill      XL: |  1  2  3  4  5  6  7  8 |
---------------+-------------------------+-----
Maces & Flails | 3 4 5 |  5.4
Fighting       | 3 4 |  4.9
Throwing       | 1 2 3 4 |  4.4
Dodging        | 3 4 |  4.9

Action                   |  1- 3 |  4- 6 |  7- 9 || total
-------------------------+-------+-------+-------++-------
Melee: Mace              |   118 |    30 |       ||   148
       Whip              |       |    89 |       ||    89
       Punch             |       |     1 |       ||     1
       Giant club        |       |     1 |   115 ||   116
Invok: Berserk           |     1 |     2 |     1 ||     4
       Trog's Hand       |       |       |     2 ||     2
       Brothers in Arms  |       |       |     1 ||     1
  Use: Scroll            |       |    11 |     1 ||    12
       Potion            |       |       |     1 ||     1
Armor: Animal skin       |    44 |       |       ||    44
       Robe              |    12 |    43 |    62 ||   117
Dodge: Dodged            |   131 |    64 |    77 ||   272
Block: Other             |       |     9 |    37 ||    46
       Reflection        |       |     2 |       ||     2
